 Dungeon Sprint DCSS version 0.17-a0-1718-g72dbe4d (webtiles) character file.

13600000 ztt the Axe Maniac (level 27, -23/273 HPs)
             Began as a Ghoul Gladiator on Aug 25, 2015.
             Was the Champion of Makhleb.
             Annihilated by a fleshlord
             ... wielding a +9 great mace
              (283 damage)
             ... in the Dungeon (Sprint VIII: "Arena of Blood").
             The game lasted 00:02:40 (136 turns).

ztt the Axe Maniac (Ghoul Gladiator)                 Turns: 136, Time: 00:02:41

Health: -23/273    AC:  8    Str: 32    XL:     27
Magic:  49/53      EV: 23    Int:  3    God:    Makhleb [******]
Gold:   0          SH:  0    Dex:  9    Spells: 0 memorised, 80 levels left

rFire  . . .     SeeInvis +     l - +∞ Axe of Woe
rCold  + . .     Clarity  .     b - +0 leather armour
rNeg   + + +     SustAt   .     (no shield)
rPois  ∞         Gourm    .     c - +0 helmet
rElec  .         Spirit   .     (no cloak)
rCorr  .         Warding  .     (no gloves)
rMut   .         NoTele   +     (no boots)
MR     ++...                    (no amulet)
Stlth  +++++++++.               m - +200 ring of slaying
                                n - ring of see invisible

@: rotting, slowed, very slow, very resistant to hostile enchantments,
incredibly stealthy
A: rotting body, claws 1, carnivore 3, cold resistance 1, negative energy
resistance 3, slow healing 1, torment resistance, unbreathing
a: Minor Destruction, Lesser Servant of Makhleb, Major Destruction, Greater
Servant of Makhleb, Renounce Religion


You were in the Dungeon.
You worshipped Makhleb.
Makhleb was exalted by your worship.
You were not hungry.

You visited 1 branch

Inventory:

Hand weapons
 a - a +0 war axe
 l - the +∞ Axe of Woe (weapon)
   (You found it in the Dungeon)
Missiles
 d - 3 throwing nets (quivered)
Armour
 b - a +0 leather armour (worn)
 c - a +0 helmet (worn)
Jewellery
 m - a +200 ring of slaying (right claw)
 n - a ring of see invisible (left claw)
Scrolls
 k - a scroll of blinking
Potions
 f - a potion of curing
 g - a potion of heal wounds
 h - a potion of haste
 i - 2 potions of magic
 j - a potion of berserk rage
Comestibles
 e - a meat ration


   Skills:
 O Level 27 Fighting
 O Level 27 Axes
 O Level 27 Throwing
 O Level 27 Armour
 O Level 27 Dodging
 O Level 27 Stealth
 O Level 27 Unarmed Combat
 O Level 27 Spellcasting
 O Level 27 Invocations


You had 80 spell levels left.
You didn't know any spells.

Dungeon Overview and Level Annotations

Branches:
Dungeon (1/1)

Altars:
Makhleb


Innate Abilities, Weirdness & Mutations

Your body is rotting away.
You thrive on raw meat.
You are immune to poison.
You have sharp fingernails.
You are carnivorous and can eat meat at any time.
Your flesh is cold resistant.
You are immune to negative energy.
You heal slowly when monsters are visible.
You are immune to unholy pain and torment.
You can survive without breathing.


Message History

The fleshlord shouts!
A meat beast comes into view.
You hear a shout! x5
The fleshlord casts a spell.
The fleshlord seems to speed up.
You hear a shout! x3
The accursed casts a spell at you. Something smites you!
The fleshlord points at you and mumbles some strange words.
You feel yourself slow down.
The wretched soul appears out of thin air!
A wretched soul comes into view.
You hear a shout! x3
The fleshlord casts a spell.
The fleshlord seems to speed up.
You hear a shout!
The wretched soul moves out of view.
The fleshlord hits you with a +9 great mace!!!!!
Ouch! That really hurt!
You die...

.........###%..%.....
....###..%.)))###...
......#..)%)M.#.....
......#%†)))..#.....
.......G))))))......
#......†).)))).%..#
.....%....†)))..p#..
#.........))%p.##...
..p..#p@)..)..#.....
........).))).#...##
....##.#.)..........
............).......
####....#..p..####..
..........)....#. .
.........)........
##........)......#
#################


You could see an accursed, an observer (invisible) and 3 fleshlords.

Vanquished Creatures
  2 hell beasts (D)
  3 greater mummies (D)
  7 great orbs of eyes (D)
  7 wraiths (D)
  12 vampire knights (D)
  26 ogres (D)
  4 liches (D)
  6 hydras (D)
  44 orcs (D)
  3 phantoms (D)
  4 hill giants (D)
  2 skeletal warriors (D)
  5 sea snakes (D)
  7 large abominations (D)
  4 small abominations (D)
  2 crawling corpses (D)
138 creatures vanquished.

Vanquished Creatures (others)
  A crawling corpse (D)
1 creature vanquished.

Grand Total: 139 creatures vanquished

Notes
Turn   | Place    | Note
--------------------------------------------------------------
     0 | D        | ztt the Ghoul Gladiator began the quest for the Orb.
     0 | D        | Reached XP level 1. HP: 17/17 MP: 0/0
     4 | D        | Became a worshipper of Makhleb the Destroyer
     5 | D        | Noticed a bag of meat
     5 | D        | Noticed a bag of meat
     6 | D        | Noticed a bag of meat
     7 | D        | Noticed a bag of meat
     7 | D        | Killed a bag of meat
     7 | D        | Reached skill level 11 in Fighting
     7 | D        | Reached skill level 16 in Axes
     7 | D        | Reached XP level 2. HP: 20/40 MP: 1/1
     7 | D        | Reached XP level 3. HP: 23/47 MP: 2/2
     7 | D        | Reached XP level 4. HP: 26/55 MP: 3/3
     7 | D        | Reached XP level 5. HP: 28/61 MP: 4/4
     7 | D        | Reached XP level 6. HP: 31/68 MP: 5/5
     7 | D        | Reached XP level 7. HP: 33/74 MP: 6/6
     7 | D        | Reached XP level 8. HP: 36/82 MP: 7/7
     7 | D        | Reached XP level 9. HP: 39/89 MP: 8/8
     7 | D        | Reached XP level 10. HP: 42/96 MP: 9/9
     7 | D        | Reached XP level 11. HP: 44/102 MP: 10/10
     7 | D        | Reached XP level 12. HP: 47/110 MP: 11/11
     7 | D        | Killed a bag of meat
     7 | D        | Acquired Makhleb's first power
     7 | D        | Reached skill level 18 in Axes
     7 | D        | Reached skill level 10 in Throwing
     7 | D        | Reached XP level 13. HP: 49/119 MP: 12/12
     8 | D        | Noticed a bag of meat
     8 | D        | Noticed a bag of meat
     8 | D        | Noticed a bag of meat
     9 | D        | Noticed a meat berserker
     9 | D        | Noticed a meat berserker
     9 | D        | Noticed a bag of meat
     9 | D        | Killed a bag of meat
     9 | D        | Reached skill level 20 in Axes
     9 | D        | Reached skill level 1 in Armour
     9 | D        | Reached XP level 14. HP: 26/130 MP: 13/13
    10 | D        | Noticed a bag of meat
    11 | D        | Noticed a bag of meat
    11 | D        | Noticed a bag of meat
    11 | D        | Noticed a bag of meat
    11 | D        | Killed a meat berserker
    11 | D        | Acquired Makhleb's second power
    11 | D        | Reached skill level 15 in Fighting
    11 | D        | Reached skill level 22 in Axes
    11 | D        | Reached XP level 15. HP: 86/141 MP: 14/14
    11 | D        | Killed a bag of meat
    11 | D        | Reached skill level 23 in Axes
    12 | D        | Noticed a bag of meat
    12 | D        | Noticed a large bag of meat
    12 | D        | Noticed a meat berserker
    12 | D        | Killed a bag of meat
    12 | D        | Acquired Makhleb's third power
    12 | D        | Reached skill level 24 in Axes
    12 | D        | Reached XP level 16. HP: 143/155 MP: 15/15
    13 | D        | Noticed a meat berserker
    13 | D        | Killed a meat berserker
    13 | D        | Reached skill level 26 in Axes
    13 | D        | Reached skill level 15 in Throwing
    14 | D        | Noticed a bag of meat
    14 | D        | Killed a bag of meat
    14 | D        | Reached skill level 27 in Axes
    14 | D        | Reached XP level 17. HP: 117/168 MP: 16/16
    14 | D        | Killed a bag of meat
    14 | D        | Acquired Makhleb's fourth power
    14 | D        | Reached skill level 5 in Armour
    14 | D        | Reached skill level 27 in Dodging
    15 | D        | Noticed a bag of meat
    15 | D        | Noticed a bag of meat
    16 | D        | Noticed a bag of meat
    16 | D        | Noticed a bag of meat
    16 | D        | Killed a bag of meat
    16 | D        | Noticed a bag of meat
    17 | D        | Noticed a meat berserker
    17 | D        | Noticed a meat berserker
    17 | D        | Killed a bag of meat
    17 | D        | Acquired Makhleb's fifth power
    17 | D        | Reached XP level 18. HP: 186/192 MP: 17/17
    17 | D        | Killed a bag of meat
    17 | D        | Killed a bag of meat
    17 | D        | Reached skill level 27 in Fighting
    18 | D        | Noticed a meat berserker
    18 | D        | Noticed a bag of meat
    18 | D        | Killed a meat berserker
    18 | D        | Reached XP level 19. HP: 207/207 MP: 18/18
    18 | D        | Killed a meat berserker
    18 | D        | Reached skill level 27 in Throwing
    19 | D        | Noticed a bag of meat
    19 | D        | Noticed a bag of meat
    20 | D        | Noticed a bag of meat
    20 | D        | Noticed a large bag of meat
    20 | D        | Noticed a bag of meat
    20 | D        | Killed a bag of meat
    20 | D        | Killed a bag of meat
    21 | D        | Noticed a bag of meat
    21 | D        | Killed a bag of meat
    21 | D        | Reached skill level 27 in Armour
    21 | D        | Reached XP level 20. HP: 216/216 MP: 19/19
    21 | D        | Killed a meat berserker
    22 | D        | Noticed a destroyer
    22 | D        | Killed a bag of meat
    22 | D        | Reached skill level 10 in Spellcasting
    22 | D        | Killed a large bag of meat
    22 | D        | Reached skill level 15 in Unarmed Combat
    22 | D        | Reached skill level 15 in Invocations
    22 | D        | Killed a bag of meat
    22 | D        | Reached XP level 21. HP: 224/224 MP: 19/37
    23 | D        | Killed a meat berserker
    23 | D        | Reached skill level 15 in Spellcasting
    24 | D        | Noticed a meat berserker
    24 | D        | Noticed a bag of meat
    24 | D        | Noticed a bag of meat
    24 | D        | Killed a meat berserker
    25 | D        | Noticed a meat berserker
    25 | D        | Noticed a destroyer
    25 | D        | Killed a bag of meat
    25 | D        | Reached XP level 22. HP: 233/233 MP: 19/43
    25 | D        | Killed a destroyer
    26 | D        | Killed a bag of meat
    26 | D        | Reached skill level 27 in Stealth
    27 | D        | Killed a bag of meat
    27 | D        | Killed a destroyer
    27 | D        | Reached skill level 27 in Unarmed Combat
    27 | D        | Reached skill level 27 in Invocations
    27 | D        | Reached XP level 23. HP: 240/240 MP: 20/52
    28 | D        | Killed a meat berserker
    28 | D        | Reached skill level 27 in Spellcasting
    28 | D        | Killed a meat berserker
    28 | D        | Killed a large bag of meat
    28 | D        | Killed a bag of meat
    28 | D        | Reached XP level 24. HP: 249/249 MP: 20/53
    29 | D        | Noticed a large bag of meat
    29 | D        | Noticed a meat berserker
    29 | D        | Killed a bag of meat
    29 | D        | Killed a bag of meat
    30 | D        | Noticed a destroyer
    30 | D        | Noticed a destroyer
    30 | D        | Noticed a bag of meat
    30 | D        | Killed a bag of meat
    31 | D        | Noticed a bag of meat
    31 | D        | Noticed a meat berserker
    31 | D        | Noticed a large bag of meat
    31 | D        | Killed a bag of meat
    32 | D        | Killed a meat berserker
    32 | D        | Killed a bag of meat
    32 | D        | Reached XP level 25. HP: 257/257 MP: 21/53
    33 | D        | Killed a bag of meat
    34 | D        | Noticed a bag of meat
    34 | D        | Killed a bag of meat
    35 | D        | Noticed a meat berserker
    35 | D        | Killed a destroyer
    36 | D        | Killed a large bag of meat
    36 | D        | Killed a destroyer
    36 | D        | Reached XP level 26. HP: 266/266 MP: 22/53
    37 | D        | Noticed a bag of meat
    37 | D        | Killed a large bag of meat
    37 | D        | Killed a meat berserker
    38 | D        | Noticed a meat berserker
    38 | D        | Noticed a bag of meat
    38 | D        | Noticed a bag of meat
    38 | D        | Noticed a bag of meat
    38 | D        | Noticed a destroyer
    38 | D        | Noticed a bag of meat
    39 | D        | Noticed a destroyer
    39 | D        | Noticed a meat berserker
    39 | D        | Noticed a bag of meat
    39 | D        | Noticed a destroyer
    40 | D        | Noticed a bag of meat
    40 | D        | Noticed a bag of meat
    40 | D        | Noticed a meat berserker
    40 | D        | Killed a bag of meat
    40 | D        | Killed a bag of meat
    41 | D        | Noticed a destroyer
    41 | D        | Killed a meat berserker
    42 | D        | Noticed a bag of meat
    42 | D        | Killed a meat berserker
    42 | D        | Reached XP level 27. HP: 273/273 MP: 23/53
    42 | D        | Killed a bag of meat
    44 | D        | Noticed a meat berserker
    44 | D        | Noticed a sculptor of flesh
    44 | D        | Noticed a destroyer
    44 | D        | Killed a destroyer
    44 | D        | Killed a meat berserker
    44 | D        | Killed a bag of meat
    44 | D        | Killed a sculptor of flesh
    45 | D        | Killed a destroyer
    45 | D        | Killed a meat berserker
    46 | D        | Noticed a meat berserker
    46 | D        | Noticed an accursed
    46 | D        | Killed a meat berserker
    47 | D        | Noticed a destroyer
    47 | D        | Killed a bag of meat
    47 | D        | Killed a bag of meat
    48 | D        | Noticed a destroyer
    48 | D        | Killed a destroyer
    48 | D        | Killed a bag of meat
    48 | D        | Killed a bag of meat
    49 | D        | Killed a bag of meat
    49 | D        | Killed a meat berserker
    49 | D        | Killed a bag of meat
    49 | D        | Killed a destroyer
    50 | D        | Noticed a meat berserker
    50 | D        | Noticed a sculptor of flesh
    51 | D        | Noticed a destroyer
    51 | D        | Killed a destroyer
    51 | D        | Killed a bag of meat
    51 | D        | Killed a destroyer
    52 | D        | Noticed an accursed
    52 | D        | Noticed a tyrant
    53 | D        | Killed a destroyer
    53 | D        | Killed an accursed
    55 | D        | Killed a bag of meat
    57 | D        | Killed a meat berserker
    59 | D        | Noticed a meat berserker
    60 | D        | Killed a tyrant
    61 | D        | Killed a destroyer
    63 | D        | Killed a meat berserker
    67 | D        | Noticed a dread
    68 | D        | Noticed a dread
    69 | D        | Killed a dread
    71 | D        | Noticed a dread
    72 | D        | Noticed a meat berserker
    73 | D        | Killed a sculptor of flesh
    74 | D        | Killed a meat berserker
    77 | D        | Killed an accursed
    80 | D        | Killed a dread
    81 | D        | Noticed a meat berserker
    82 | D        | Noticed a meat beast
    83 | D        | Killed a dread
    84 | D        | Noticed a meat berserker
    84 | D        | Noticed a bag of meat
    85 | D        | Killed a meat berserker
    87 | D        | Noticed a wretched soul
    87 | D        | Killed a wretched soul
    87 | D        | Killed a meat beast
    88 | D        | Noticed a bag of meat
    89 | D        | Noticed a bag of meat
    89 | D        | Killed a meat berserker
    91 | D        | Killed a bag of meat
    93 | D        | Noticed an observer
    94 | D        | Killed a bag of meat
    94 | D        | Killed a bag of meat
    95 | D        | Noticed an observer
    97 | D        | Noticed an accursed
    97 | D        | Killed an observer
    98 | D        | Noticed a meat berserker
    98 | D        | Noticed an observer
   100 | D        | Noticed a tyrant
   100 | D        | Killed an observer
   102 | D        | Noticed an observer
   102 | D        | Noticed a tyrant
   102 | D        | Killed an accursed
   102 | D        | Killed an observer
   103 | D        | Noticed an observer
   104 | D        | Killed a meat berserker
   108 | D        | Noticed a bag of meat
   108 | D        | Noticed a meat berserker
   108 | D        | Noticed a dread
   108 | D        | Killed an observer
   108 | D        | Killed an observer
   108 | D        | Killed a tyrant
   109 | D        | Killed a tyrant
   110 | D        | Noticed a wretched soul
   110 | D        | Noticed a dread
   111 | D        | Noticed a dread
   112 | D        | Noticed a wretched soul
   113 | D        | Killed a dread
   113 | D        | Killed a meat berserker
   115 | D        | Killed a bag of meat
   115 | D        | Noticed an observer
   116 | D        | Killed a dread
   117 | D        | Noticed a meat berserker
   118 | D        | Noticed a dread
   118 | D        | Killed a wretched soul
   118 | D        | Killed a dread
   119 | D        | Noticed a tyrant
   119 | D        | Noticed an observer
   120 | D        | Killed a wretched soul
   121 | D        | Noticed a bag of meat
   122 | D        | Killed a meat berserker
   124 | D        | Killed an observer
   124 | D        | Killed a dread
   124 | D        | Killed an observer
   125 | D        | Noticed an observer
   127 | D        | Noticed a meat berserker
   127 | D        | Noticed a meat beast
   129 | D        | Killed a bag of meat
   130 | D        | Killed a tyrant
   131 | D        | Noticed a fleshlord
   131 | D        | Killed a meat beast
   132 | D        | Noticed a fleshlord
   132 | D        | Noticed an accursed
   132 | D        | Killed a meat berserker
   133 | D        | Noticed a fleshlord
   134 | D        | Noticed a fleshlord
   134 | D        | Noticed a fleshlord
   135 | D        | Noticed a meat beast
   136 | D        | Noticed a wretched soul
   136 | D        | Annihilated by a fleshlord

Vault maps used:
D:        meatsprint

Action                   |  1- 3 |  4- 6 |  7- 9 | 10-12 | 13-15 | 16-18 | 19-21 | 22-24 | 25-27 || total
-------------------------+-------+-------+-------+-------+-------+-------+-------+-------+-------++-------
Melee: Executioner's axe |     1 |       |       |       |     3 |     5 |     6 |     7 |    59 ||    81
 Stab: Distracted        |       |       |       |       |       |       |       |       |     2 ||     2
